 Dungeon Crawl Stone Soup version 0.28-a0-973-ga7f8b01127 (webtiles) character file.

Game seed: 7688366845196567859

71 horus123 the Poker (level 4, -2/38 HPs)
             Began as a Merfolk Gladiator on Dec 2, 2021.
             Slain by Grinder (8 damage)
             ... on level 3 of the Dungeon.
             The game lasted 00:02:46 (1936 turns).

horus123 the Poker (Merfolk Gladiator)              Turns: 1936, Time: 00:02:47

Health: -2/38      AC:  4    Str: 14    XL:     4   Next: 24%
Magic:  4/4        EV: 14    Int:  7    God:
Gold:   118        SH:  0    Dex: 17    Spells: 3/3 levels left

rFire   . . .      SeeInvis .   a - +0 trident
rCold   + . .      Faith    .   (no shield)
rNeg    . . .      Spirit   .   b - +0 leather armour
rPois   .          Reflect  .   c - +0 helmet
rElec   .          Harm     .   (no cloak)
rCorr   .          Rampage  .   (no gloves)
Will    +....                   (no boots)
Stlth   +.........              (no amulet)
HPRegen 0.12/turn               (no ring)
MPRegen 0.09/turn               (no ring)

@: brilliant
A: (nimble swimmer 2), mertail, cold resistance 1, strong-willed 1, sense
surroundings 1, robust 1
a: no special abilities


You were on level 3 of the Dungeon.
You visited 1 branch of the dungeon, and saw 3 of its levels.

You collected 118 gold pieces.

Inventory:

Hand Weapons
 a - a +0 trident (weapon)
Missiles
 d - a throwing net
 k - an atropa-tipped dart (quivered)
Armour
 b - a +0 leather armour (worn)
 c - a +0 helmet (worn)
Scrolls
 e - a scroll of teleportation {unknown}
 g - 3 scrolls of fog {unknown}
 j - a scroll of magic mapping {unknown}
 l - a scroll of blinking {unknown}
 m - 2 scrolls of identify {unknown}
Potions
 i - a potion of might {unknown}
 n - a potion of invisibility {unknown}
 o - a potion of ambrosia {unknown}


   Skills:
 + Level 3.3 Fighting
 - Level 5.3 Polearms
 - Level 2.0 Throwing
 - Level 5.0 Dodging


You had 3 spell levels left.
You didn't know any spells.
Your spell library was empty.

Dungeon Overview and Level Annotations

Branches:
Dungeon (3/15)

Altars:

Annotations:
D:3 Grinder


Innate Abilities, Weirdness & Mutations

((You are quick and stealthy near water. (Stealth+, EV+, Speed+++)))
Your lower body shifts to a powerful aquatic tail in water.
Your flesh is cold resistant. (rC+)
You are strong-willed. (Will+)
You passively map a small area around you.
You are robust. (+10% HP)


Message History

Unknown command.
You throw a throwing net. The throwing net barely misses Grinder.
Things that are here:
a throwing net; an atropa-tipped dart You hit Grinder.
Grinder is lightly wounded.
Grinder hits you.
You writhe in agony.
You are too injured to fight recklessly!
You are too injured to fight recklessly!
You are too injured to fight recklessly!
You are too injured to fight recklessly!
You are too injured to fight recklessly!
You are too injured to fight recklessly!
You barely miss Grinder.
Grinder is lightly wounded.
Grinder closely misses you.
You puncture Grinder!
Grinder is moderately wounded.
Grinder hits you!
* * * LOW HITPOINT WARNING * * *
You puncture Grinder!
Grinder is heavily wounded.
Grinder blinks!
You see here an atropa-tipped dart.
You see here a throwing net.
d - a throwing net Grinder says, "Don't move a muscle."
Grinder gestures at you.
You barely resist.
You see here an atropa-tipped dart.
k - an atropa-tipped dart Grinder barely misses you.
It was a potion of brilliance.
You feel clever all of a sudden. Grinder misses you.
It was a potion of mutation.
You feel extremely strange.
You feel a strange attunement to the structure of the dungeons.
You feel resistant to cold.
You feel robust.
You feel strong-willed. Grinder hits you!
You die...

, .................... ,
.####...####.P###### # ,
, * #...# #..#..# # , .
* #...# #..#..# # ..
#.†.##+#..##)# ,#
##.####............##+##
......#..........⌠......
,
......5(.##+####........
,.......@.# ###+#..## ,
.........# , #..#
##.#..#..# ** #..# *#
#..#....,, #..## ,
#......... .....
.(..(....... , ...... ,
...##.#....## #####.
#.#. #......# .#####. ≈
. .≈≈.≈.≈.,, .......


You could see Grinder.

Vanquished Creatures
  Jessica (D:2)
  A dart slug (D:1)
  An orc (D:3)
  2 endoplasms
  6 hobgoblins
  8 jackals (D:1)
  2 kobolds
  3 quokkas (D:1)
  6 ball pythons
  A bat (D:1)
  A frilled lizard (D:2)
  7 rats
39 creatures vanquished.

Notes
Turn   | Place    | Note
-------+----------+-------------------------------------------
     0 | D:1      | horus123 the Merfolk Gladiator began the quest for the Orb.
     0 | D:1      | Reached XP level 1. HP: 16/16 MP: 1/1
    68 | D:1      | Reached XP level 2. HP: 21/22 MP: 2/2
   289 | D:1      | Reached skill level 5 in Dodging
   616 | D:1      | Reached skill level 5 in Polearms
   616 | D:1      | Reached XP level 3. HP: 23/27 MP: 3/3
  1267 | D:2      | Noticed Jessica
  1272 | D:2      | Killed Jessica
  1273 | D:2      | Reached XP level 4. HP: 26/35 MP: 4/4
  1913 | D:3      | Noticed Grinder
  1936 | D:3      | Gained mutation: You passively map a small area around you.
                  | [potion of mutation]
  1936 | D:3      | Gained mutation: Your flesh is cold resistant. (rC+)
                  | [potion of mutation]
  1936 | D:3      | Gained mutation: You are robust. (+10% HP) [potion of
                  | mutation]
  1936 | D:3      | Gained mutation: You are strong-willed. (Will+) [potion of
                  | mutation]
  1936 | D:3      | Slain by Grinder

Illustrated notes

Levels and vault maps discovered:
D:1:      saegor_arrival_simple_b, layout_loops_corners, kennysheep_nondescript
D:2:      layout_loops_cross, uniq_jessica
D:3:      corexii_shack_village, layout_basic, slow_altar_1,
          hangedman_ru_absence, dreamdust_ecumenical_altar_drowned_temple,
          uniq_grinder

Skill      XL: |  1  2  3 |
---------------+----------+-----
Dodging        | 5 |  5.0
Polearms       | 5 |  5.3
Fighting       | 3 |  3.3
Throwing       | |  2.0

Action                   |  1- 3 |  4- 6 || total
-------------------------+-------+-------++-------
Melee: Trident           |    82 |    23 ||   105
Throw: Dart              |       |     8 ||     8
       Throwing net      |       |     3 ||     3
  Use: Potion            |       |     2 ||     2
 Stab: Sleeping          |     4 |       ||     4
       Distracted        |       |     1 ||     1
Armor: Leather armour    |    12 |       ||    12
Dodge: Dodged            |    39 |    12 ||    51

Table legend: (Time is in decaauts)
 A = Elapsed time spent in this place.
 B = Non-inter-level travel time spent in this place.
 C = Inter-level travel time spent in this place.
 D = Time resting spent in this place.
 E = Time spent auto-exploring this place.
 F = Levels seen in this place.
 G = Mean time per level.
                   A        B        C        D        E       F      G
               +--------+--------+--------+--------+--------+-----+--------+
         Total |   1939 |   1859 |     80 |      0 |   1580 |   3 |  646.3 |
       Dungeon |   1939 |   1859 |     80 |      0 |   1580 |   3 |  646.3 |
               +--------+--------+--------+--------+--------+-----+--------+

Top non-repeatable levels by time:
     D:1: 1089 daAuts
     D:2: 664 daAuts
     D:3: 185 daAuts
